 Dungeon Crawl Stone Soup version 0.31-a0-743-g45f7035092 (webtiles) character file.

Game seed: 2994565498903203403

566 SmokeWeed the Chopper (level 7, -9/61 HPs)
             Began as a Minotaur Fighter on Sept 13, 2023.
             Was a Follower of Okawaru.
             Mangled by Duvessa
             ... wielding a +0 short sword
              (16 damage)
             ... on level 4 of the Dungeon.
             The game lasted 00:04:57 (2746 turns).

SmokeWeed the Chopper (Minotaur Fighter)            Turns: 2746, Time: 00:04:57

Health: -9/61      AC:  8    Str: 21    XL:     7   Next: 10%
Magic:  6/6        EV: 10    Int:  5    God:    Okawaru [*.....]
Gold:   227        SH:  5    Dex: 11    Spells: 6/6 levels left

rFire   . . .        g - +2 hand axe (elec)
rCold   . . .        c - +0 buckler
rNeg    . . .        b - +0 scale mail
rPois   .            (helmet restricted)
rElec   .            (no cloak)
rCorr   .            y - +0 pair of gloves
SInv    .            (no boots)
Will    .....        i - amulet of the acrobat Stlth
                     (no ring)
HPRegen 0.30/turn    (no ring)
MPRegen 0.10/turn

%: acrobat
@: no status effects
A: horns 2, retaliatory headbutt
a: Renounce Religion, Heroism


You were on level 4 of the Dungeon.
You worshipped Okawaru.
Okawaru was aware of your devotion.
You visited 2 branches of the dungeon, and saw 5 of its levels.

You collected 227 gold pieces.

Inventory:

Hand Weapons
 a - a +0 long sword
 f - a +2 short sword of speed
 g - a +2 hand axe of electrocution (weapon)
 k - a +2 whip of venom
 o - a +2 short sword of distortion
Missiles
 h - 5 javelins
 s - 10 poisoned darts
Armour
 b - a +0 scale mail (worn)
 c - a +0 buckler (worn)
 y - a +0 pair of gloves (worn)
Jewellery
 i - an amulet of the acrobat (around neck)
Scrolls
 e - 3 scrolls of immolation {unknown}
 l - a scroll of vulnerability {unknown}
 m - a scroll of amnesia {unknown}
 p - a scroll of fear {unknown}
 q - a scroll of poison {unknown}
 r - 2 scrolls of teleportation {unknown}
 u - 2 scrolls of identify {unknown}
 w - 2 scrolls of blinking {unknown}
 A - a scroll of noise {unknown}
Potions
 d - 2 potions of might
 j - a potion of enlightenment {unknown}
 n - a potion of mutation {unknown}
 t - a potion of lignification {unknown}
 v - a potion of curing {unknown}
 x - a potion of ambrosia {unknown}
 z - a potion of magic {unknown}


   Skills:
 + Level 5.0 Fighting
 + Level 2.8 Long Blades
 + Level 5.8 Axes
 + Level 5.5 Armour
 + Level 1.3 Dodging
 + Level 0.6 Stealth
 + Level 4.5 Shields


You had 6 spell levels left.
You didn't know any spells.
Your spell library contained the following spells:

 Spells                   Type           Power      Damage    Failure   Level
 Poisonous Vapours        Pois/Air       0%         N/A       94%         2
 Mephitic Cloud           Conj/Pois/Air  0%         N/A       99%         3
 Freezing Cloud           Conj/Ice/Air   0%         6-21      100%        5


Dungeon Overview and Level Annotations

Branches:
Dungeon (4/15)             Temple (1/1) D:4

Altars:
Ashenzari
Cheibriados
Dithmenos
Elyvilon
Gozag
Hepliaklqana
Makhleb
Nemelex Xobeh
Okawaru
Qazlal
Sif Muna
Trog
Uskayaw
Vehumet
Wu Jian
Xom
Yredelemnul
Zin
The Shining One

Shops:
D:2 *   D:3 !

Annotations:
D:4 Duvessa


Innate Abilities, Weirdness & Mutations

You have a pair of horns on your head.
You reflexively headbutt those who attack you in melee.


Message History

You hit Duvessa. You headbutt Duvessa.
Duvessa is heavily wounded.
Duvessa misses you. You block Duvessa's attack.
You hit Duvessa but do no damage.
Duvessa is heavily wounded.
You hit Dowan but do no damage. Lightning courses through Dowan!
Duvessa hits you with a +0 short sword! Duvessa hits you with a +0 short sword.
Dowan gestures at you while chanting. You block the puff of flame.
You hit Dowan. Your headbutt misses Dowan.
Dowan is heavily wounded.
You hit Duvessa but do no damage. Duvessa hits you but does no damage.
Dowan casts a spell at you. The puff of frost hits you!
Duvessa hits you but does no damage.
You slash Dowan!
Dowan is almost dead.
You hit Duvessa but do no damage. Lightning courses through Duvessa!
Duvessa hits you with a +0 short sword. Dowan hits you with a +0 dagger.
You hit Dowan.
You kill Dowan!
Okawaru accepts your kill.
You can now gain great but temporary skills.
Duvessa screams in rage.
Duvessa goes berserk!
You hit Duvessa but do no damage. Duvessa hits you with a +0 short sword.
You block Duvessa's attack.
You hit Duvessa. Your headbutt misses Duvessa.
Duvessa is severely wounded.
Duvessa hits you with a +0 short sword.
You closely miss Duvessa.
Duvessa is severely wounded.
You block Duvessa's attack. Duvessa hits you with a +0 short sword!
* * * LOW HITPOINT WARNING * * *
You closely miss Duvessa.
Duvessa is severely wounded.
Duvessa hits you with a +0 short sword!
* * * LOW HITPOINT WARNING * * *
You slash Duvessa!
Duvessa is almost dead.
Duvessa hits you with a +0 short sword!
You die...

...... #### .e..# ...##....#
....# .........# ...# .........
...+ ...##...##########..#
...##...##..##..##..#
...#<...#....#..@e).#
...#....#....'......+
...#....##..######..#
...#....##..##..##..# ###
...'................## #..
...##............<...##########..
...##.......######...#..#....#...
............##..##...#..#....#...
........##..##......##..##.####..


You could see Duvessa (berserk, fast).

Vanquished Creatures
  A sky beast (D:4)
  An ogre (D:4)
  Dowan (D:4)
  A jelly (D:4)
  A hound (D:4)
  A sleepcap (D:4)
  3 iguanas (D:4)
  5 adders
  3 gnolls (D:4)
  3 worms
  2 dart slugs
  An orc (D:3)
  7 ball pythons
  6 bats
  10 endoplasms
  10 giant cockroaches
  4 goblins
  5 hobgoblins
  2 jackals (D:4)
  A quokka (D:4)
  2 frilled lizards (D:1)
  13 kobolds
  6 rats
89 creatures vanquished.

Notes
Turn   | Place    | Note
-------+----------+-------------------------------------------
     0 | D:1      | SmokeWeed the Minotaur Fighter began the quest for the Orb.
     0 | D:1      | Reached XP level 1. HP: 19/19 MP: 0/0
    96 | D:1      | Reached XP level 2. HP: 27/27 MP: 1/1
   410 | D:1      | Reached XP level 3. HP: 24/33 MP: 2/2
   666 | D:2      | Found a faded altar of an unknown god.
  1045 | D:2      | Found Kitonn's General Store.
  1128 | D:2      | Reached XP level 4. HP: 36/41 MP: 3/3
  1253 | D:2      | Found a white marble altar of Elyvilon.
  1274 | D:2      | Reached skill level 1 in Axes
  1772 | D:3      | Found Viesit's Distillery.
  1991 | D:4      | Noticed a sky beast
  2010 | D:4      | Killed a sky beast
  2011 | D:4      | Reached XP level 5. HP: 14/47 MP: 4/4
  2199 | D:4      | Found a staircase to the Ecumenical Temple.
  2214 | Temple   | Entered the Ecumenical Temple
  2240 | Temple   | Became a worshipper of Warmaster Okawaru
  2319 | D:4      | Reached skill level 1 in Dodging
  2319 | D:4      | Reached XP level 6. HP: 53/53 MP: 5/5
  2322 | D:4      | Reached skill level 5 in Armour
  2332 | D:4      | Reached skill level 5 in Axes
  2600 | D:4      | Reached skill level 5 in Fighting
  2600 | D:4      | Reached XP level 7. HP: 25/61 MP: 6/6
  2731 | D:4      | Noticed Dowan
  2732 | D:4      | Noticed Duvessa
  2741 | D:4      | Killed Dowan
  2741 | D:4      | Reached * piety under Okawaru
  2746 | D:4      | Mangled by Duvessa

Illustrated notes

Levels and vault maps discovered:
D:1:      dpeg_arrival_arbitrary_b, layout_basic, lexackson_kobold_supper
D:2:      layout_basic, ebering_ecumenical_altar_webs, serial_shops,
          nicolae_shop_just_a_little_nook, basic_altar
D:3:      layout_basic, serial_shops, nicolae_shop_industrial_runoff,
          chequers_serial_rivers_marsh
D:4:      kennysheep_the_goblin_king, layout_gridville,
          minmay_temple_entry_wispy, minmay_pentangle, uniq_duvessa
Temple:   nicolae_temple_bog_church

Skill      XL: |  1  2  3  4  5  6 |
---------------+-------------------+-----
Fighting       | 4 5 |  5.0
Armour         | 4 5 |  5.5
Shields        | 4 |  4.5
Axes           | 3 4 5 |  5.8
Dodging        | 1 |  1.3
Long Blades    | |  2.8
Stealth        | |  0.6

Action                     |  1- 3 |  4- 6 |  7- 9 || total
---------------------------+-------+-------+-------++-------
  Melee: Long sword        |    11 |       |       ||    11
         Headbutt          |     9 |    15 |     2 ||    26
         Hand axe          |    63 |    92 |    10 ||   165
 Armour: Scale mail        |    34 |    31 |    13 ||    78
  Dodge: Dodged            |    38 |    42 |     1 ||    81
  Block: Buckler           |    15 |    15 |     6 ||    36

Table legend: (Time is in decaauts)
 A = Elapsed time spent in this place.
 B = Non-inter-level travel time spent in this place.
 C = Inter-level travel time spent in this place.
 D = Time resting spent in this place.
 E = Time spent auto-exploring this place.
 F = Levels seen in this place.
 G = Mean time per level.
                   A        B        C        D        E       F      G
               +--------+--------+--------+--------+--------+-----+--------+
         Total |   2793 |   2777 |     16 |    147 |   2020 |   5 |  558.6 |
       Dungeon |   2733 |   2717 |     16 |    147 |   2020 |   4 |  683.2 |
        Temple |     60 |     60 |      0 |      0 |      0 |   1 |   60.0 |
               +--------+--------+--------+--------+--------+-----+--------+

Top non-repeatable levels by time:
     D:2: 869 daAuts
     D:4: 756 daAuts
     D:1: 660 daAuts
     D:3: 447 daAuts
  Temple: 60 daAuts
